Get step-by-step instructions on how to execute this build order below. Start the game timer, and the build order will tick by so you can play in parallel with StarCraft on a second screen or mobile device.

Game Time

  0:00

Last Step

  N/A

Next Step

  12  0:01  Probe (Chrono Boost)  

Upcoming Step

  13  0:12  Probe (Chrono Boost)  

Don't want to look back and forth between 2 screens? Try out our Overwolf App, the Spawning Tool Build Advisor to get an in-game overlay with this build!

Complete Build Order

  12  0:01  Probe (Chrono Boost)  
  13  0:12  Probe (Chrono Boost)  
  14  0:19  Pylon  
  14  0:22  Probe (Chrono Boost)  
  15  0:37  Probe (Chrono Boost)  
  15  0:38  Gateway  
  16  0:48  Probe (Chrono Boost)  
  17  0:54  Assimilator  
  17  0:58  Probe (Chrono Boost)  
  18  1:09  Probe (Chrono Boost)  
  19  1:19  Nexus  
  19  1:26  Probe (Chrono Boost)  
  20  1:34  Cybernetics Core  
  20  1:37  Probe (Chrono Boost)  
  21  1:44  Assimilator  
  21  1:50  Pylon  
  21  1:53  Probe (Chrono Boost)  
  22  2:04  Probe (Chrono Boost)  
  23  2:14  Mothership Core (Chrono Boost)  
  23  2:15  Adept (Chrono Boost)  
  27  2:24  Pylon  
  27  2:27  Warp Gate  
  27  2:33  Probe (Chrono Boost)  
  27  2:36  Probe (Chrono Boost)  
  27  2:43  Stalker  
  30  2:45  Probe (Chrono Boost)  
  30  2:48  Probe (Chrono Boost)  
  32  2:55  Probe (Chrono Boost)  
  33  2:58  Probe (Chrono Boost)  
  34  3:07  Probe (Chrono Boost)  
  34  3:09  Twilight Council  
  34  3:10  Probe (Chrono Boost)  
  36  3:17  Probe (Chrono Boost)  
  37  3:20  Probe (Chrono Boost)  
  38  3:28  Probe (Chrono Boost)  
  38  3:31  Probe (Chrono Boost)  
  40  3:36  Pylon  
  40  3:38  Probe (Chrono Boost)  
  41  3:42  Probe (Chrono Boost), Blink (Chrono Boost)  
  41  3:46  Gateway  
  42  3:49  Probe, Gateway  
  42  3:52  Probe  
  44  4:01  Probe  
  44  4:02  Robotics Facility  
  45  4:03  Probe  
  46  4:12  Assimilator  
  46  4:13  Probe x2  
  48  4:17  Assimilator  
  48  4:24  Probe  
  48  4:25  Probe  
  50  4:34  Probe  
  50  4:37  Probe  
  52  4:40  Pylon  
  52  4:44  Forge  
  52  4:45  Probe  
  52  4:49  Gateway, Probe  
  52  4:50  Stalker x2  
  52  4:52  Stalker, Pylon  
  60  4:57  Probe  
  60  4:58  Observer (Chrono Boost)  
  62  5:08  Probe  
  62  5:11  Pylon  
  63  5:14  Pylon  
  63  5:16  Observer (Chrono Boost)  
  63  5:17  Stalker x3  
  63  5:19  Protoss Ground Weapons Level 1 (Chrono Boost)  
  70  5:27  Pylon  
  66  5:47  Probe  
  66  5:49  Probe  
  68  5:54  Robotics Bay  
  68  5:56  Observer  
  69  5:58  Photon Cannon  
  69  6:00  Nexus  
  69  6:02  Pylon  
  69  6:03  Probe  
  71  6:04  Probe  
  71  6:09  Pylon  
  71  6:15  Probe  
  71  6:16  Stalker x3  
  71  6:17  Probe  
  79  6:20  Resonating Glaives  
  79  6:31  Probe  
  80  6:36  Robotics Bay  
  84  6:41  Disruptor (Chrono Boost)  
  84  6:42  Adept x3  
  84  6:44  Probe  
  88  6:54  Protoss Ground Armor Level 1 (Chrono Boost)  
  88  6:58  Adept, Pylon  
  90  7:04  Pylon  
  90  7:09  Adept x2  
  90  7:10  Adept  
  90  7:12  Disruptor (Chrono Boost)  
  99  7:16  Probe  
  100  7:23  Stalker  
  100  7:25  Probe  
  100  7:27  Forge  
  100  7:29  Probe  
  104  7:30  Probe  
  104  7:31  Assimilator  
  104  7:35  Stalker, Assimilator  
  104  7:36  Stalker, Photon Cannon  
  109  7:37  Probe  
  109  7:39  Stalker  
  112  7:49  Disruptor (Chrono Boost)  
  99  8:00  Stalker x3  
  99  8:03  Probe  
  104  8:12  Pylon  
  104  8:13  Stalker  
  104  8:16  Probe  
  110  8:20  Disruptor (Chrono Boost)  
  110  8:21  Probe  
  110  8:22  Pylon  
  110  8:24  Stalker  
  110  8:25  Stalker x2  
  117  8:27  Pylon  
  117  8:29  Pylon  
  117  8:31  Protoss Ground Weapons Level 2 (Chrono Boost)  
  118  8:34  Probe  
  118  8:37  Pylon  
  118  8:40  Pylon  
  118  8:42  Adept, Pylon  
  118  8:44  Photon Cannon  
  120  8:50  Gateway, Adept x2  
  120  8:51  Gateway  
  120  8:53  Gateway  
  120  8:55  Adept  
  126  9:11  Probe  
  126  9:12  Disruptor  
  125  9:18  Probe  
  125  9:20  Probe, Adept x4  
  125  9:23  Probe  
  120  9:32  Probe  
  120  9:43  Adept x4  
  118  9:47  Mothership Core (Chrono Boost)  
  118  9:48  Disruptor  
  117  10:05  Stalker x4  
  117  10:06  Adept  
  123  10:18  Probe x2 (Chrono Boost)  
  123  10:21  Dark Shrine  
  120  10:30  Probe (Chrono Boost)  
  121  10:36  Stalker  
  121  10:37  Stalker x5  
  133  10:45  Probe (Chrono Boost)  
  134  10:53  Probe (Chrono Boost), Disruptor  
  138  11:00  Nexus  
  136  11:12  Photon Cannon  
  136  11:15  Adept x3